 Dungeon Crawl Stone Soup version 0.17-a0-1572-g7a1422d (webtiles) character file.

33786 Chiseanne the Fighter (level 13, -21/109 HPs)
             Began as a Demonspawn Wanderer on July 26, 2015.
             Was an Initiate of Gozag.
             Killed from afar by Frances (47 damage)
             ... with an iron shot
             ... on level 14 of the Dungeon.
             The game lasted 01:08:58 (19297 turns).

Chiseanne the Fighter (Demonspawn Wanderer)        Turns: 19297, Time: 01:08:58

Health: -21/109    AC: 27    Str: 15    XL:     13   Next: 38%
Magic:  18/18      EV: 15    Int: 13    God:    Gozag
Gold:   366        SH: 12    Dex: 22    Spells: 1 memorised, 17 levels left

rFire  + . .     SeeInvis .     a - +4 rapier (elec)
rCold  . . .     Clarity  .     O - +5 ring mail "Tiblesm" {rPois rF+}
rNeg   + . .     SustAt   .     Q - +0 shield
rPois  +         Gourm    .     l - +1 hat {MR+}
rElec  .         Spirit   .     M - +0 cloak
rCorr  .         Warding  .     N - +0 pair of gloves
rMut   .         Stasis   .     i - +2 pair of boots {Stlth+}
MR     +....                    (no amulet)
Stlth  ++++++....               K - +3 ring of dexterity
                                y - ring of positive energy

@: agile, flying, very slightly contaminated, hasted, very quick, somewhat
resistant to hostile enchantments, very stealthy
A: talons 2, rough black scales 2, nightstalker 1, powered by death 1, spit
poison 1
a: Spit Poison, Potion Petition, Call Merchant, Bribe Branch, Renounce Religion


You were on level 14 of the Dungeon.
You worshipped Gozag.
Gozag was noncommittal.
You were not hungry.

You visited 3 branches of the dungeon, and saw 16 of its levels.

You collected 2630 gold pieces.
You spent 2179 gold pieces at shops.
You paid 85 gold pieces to Gozag.

Inventory:

Hand weapons
 a - a +4 rapier of electrocution (weapon)
 s - a +3 scimitar of flaming
 w - a +0 blowgun
Missiles
 e - 2 throwing nets
 g - 50 poisoned needles
 p - 18 steel sling bullets
 v - 58 bolts
 x - 3 tomahawks of dispersal (quivered)
 z - 79 sling bullets
 E - 10 sling bullets of flame
 J - 4 curare-tipped needles
 Y - 8 bolts of frost
Armour
 i - a +2 pair of boots of stealth (worn)
 l - a +1 hat of magic resistance (worn)
 o - a +0 large shield
 B - the +4 chain mail "Hir Ogyeru" {rN+ Regen+ Dex-2 SInv}
   (You acquired it on level 6 of the Dungeon)

   It affects your dexterity (-2).
   It protects you from negative energy.
   It lets you see invisible.
   It increases your rate of regeneration.
 M - a +0 cloak (worn)
 N - a +0 pair of gloves (worn)
 O - the +5 ring mail "Tiblesm" (worn) {rPois rF+}
   (You found it on level 12 of the Dungeon)

   It protects you from fire.
   It protects you from poison.
 Q - a +0 shield (worn)
Jewellery
 t - an uncursed ring of ice
 y - a ring of positive energy (left hand)
 K - a +3 ring of dexterity (right hand)
 S - an uncursed ring of wizardry
 U - an uncursed ring of protection from fire
Magical devices
 u - a wand of disintegration (1)
 P - a wand of disintegration (12)
 X - a wand of digging (8)
Scrolls
 m - a scroll of immolation
 A - 10 scrolls of teleportation
 D - 3 scrolls of magic mapping
 F - 4 scrolls of remove curse
 G - 4 scrolls of recharging
 H - 4 scrolls of fog
 I - a scroll of fear
 L - 5 scrolls of identify
 R - a scroll of blinking
Potions
 b - a potion of brilliance
 c - 2 potions of cancellation
 h - 2 potions of resistance
 k - 4 potions of flight
 r - 2 potions of curing
 T - a potion of magic
Books
 d - the Collected Works on Cloudy Arcane Weapons

   Spells                             Type                      Level
   a - Shock                          Conjuration/Air              1
   b - Static Discharge               Conjuration/Air              3
 j - a Young Poisoner's Handbook

   Spells                             Type                      Level
   a - Sting                          Conjuration/Poison           1
   b - Cure Poison                    Poison                       2
   c - Mephitic Cloud                 Conjuration/Poison/Air       3
   d - Olgreb's Toxic Radiance        Poison                       4
   e - Venom Bolt                     Conjuration/Poison           5
 q - an Akashic Record

   Spells                             Type                      Level
   a - Dispersal                      Translocation                6
   b - Controlled Blink               Translocation                7
   c - Malign Gateway                 Summoning/Translocation      7
   d - Disjunction                    Translocation                8
 C - a book of Enchantments

   Spells                             Type                      Level
   a - Cause Fear                     Hexes                        4
   b - Silence                        Hexes/Air                    5
   c - Deflect Missiles               Charms/Air                   6
   d - Haste                          Charms                       6
   e - Discord                        Hexes                        8
Comestibles
 f - 6 bread rations
 n - 3 meat rations
 V - 6 slices of pizza
 Z - 2 beef jerkies


   Skills:
 + Level 12.4 Fighting
 - Level 6.5 Short Blades
   Level 1.0 Maces & Flails
   Level 3.1 Bows
 + Level 11.3 Armour
 - Level 1.4 Dodging
 - Level 7.9 Stealth
 * Level 9.2 Shields
 - Level 3.3 Spellcasting
 - Level 2.6 Air Magic


You had 17 spell levels left.
You knew the following spells:

 Your Spells              Type           Power        Failure   Level  Hunger
a - Shock                 Conj/Air       #...         50%         1    #......


Dungeon Overview and Level Annotations

Branches:
Dungeon (14/15)            Temple (1/1) D:7            Lair (1/8) D:9
    Orc (0/4) D:12         Vaults (0/5) D:13

Altars:
Cheibriados
Dithmenos
Elyvilon
Fedhas
Gozag
Kikubaaqudgha
Makhleb
Ru
Sif Muna
Trog
Vehumet
Xom
Zin
The Shining One
Beogh

Shops:
D:5 *   D:6 [[}

Portals:
Trove: D:10 (give 21 scrolls of identify)

Annotations:
D:2 Sigmund
D:14 Frances


Innate Abilities, Weirdness & Mutations

You have razor-sharp toenails.
You are mostly covered in rough black scales (AC +7, Dex -2).
You are slightly more attuned to the shadows.
You regenerate a little health from kills.
You can spit weak poison.


Message History

You puncture Frances!
Frances is severely wounded.
The sixfirhy completely misses you. The sixfirhy hits you.
The sixfirhy shocks you!
* * * LOW HITPOINT WARNING * * *
You block Frances's attack.
You hit Frances.
Frances is almost dead.
The sixfirhy disappears in a puff of smoke!
The blue devil misses you.
You hit Frances.
Frances is almost dead.
Frances hits you but does no damage.
The blue devil hits you but does no damage.
You hit Frances.
Frances is almost dead.
Frances chants phrases taken from a devil's mouth.
The iron shot hits you!
You die...
Your body crumbles into a pile of gold.

# ..#####.##.
.......)##. #..
#.###...)[). #.#
.#.......#### #.#
#...###.#.# #.##.#
##...##
#3#4#....##.#..#
######4@# .#..#....#
.....§@#####.#......#
#######...).#....##.##
#.###....#.#...## #.##
##.#.#≈.....# #.
#........... ..
#...##.....# .##
#.######..... #Y ..#
##.### ### #.#


You could see Frances, a soul eater, a hellwing and a blue devil.

Vanquished Creatures
  Gastronok (D:9)
  Maud (D:10)
  8 vault guards (D:13)
  The ghost of 2tc the Cleaver, a powerful HOFi of Beogh (D:11)
  Erica (D:9)
  A centaur warrior (D:13)
  An unseen horror (D:11)
  A wolf spider zombie (D:12)
  2 orc knights (D:14)
  5 hill giants
  The ghost of Verem the Thaumaturge, an experienced DESu of Sif Muna (D:9)
  2 ugly things
  3 cyclopes
  2 centaur zombies
  A water nymph (shapeshifter) (D:14)
  2 centaur skeletons
  Psyche (D:8)
  2 komodo dragons
  2 kobold demonologists
  3 trolls
  Grinder (D:6)
  Prince Ribbit (D:7)
  9 slime creatures
  2 wyverns
  A hog (D:13)
  2 yaks
  A human (D:13)
  A hungry ghost (D:11)
  A deep elf mage (D:9)
  A wraith (D:14)
  Grum (D:9)
  2 hippogriffs
  4 wolves (D:9)
  2 water moccasins
  2 mottled dragons
  A warg (D:14)
  11 orc warriors
  2 sky beasts
  A necrophage (D:10)
  5 ice beasts
  5 ogres
  A wasp (D:12)
  3 phantoms
  13 centaurs
  14 giant frogs
  3 big kobolds
  A wyvern zombie (D:11)
  4 scorpions
  5 wights (D:11)
  A water moccasin skeleton (D:4)
  14 killer bees
  14 crimson imps
  2 vampire bats (D:7)
  10 hounds
  A quasit (D:9)
  4 jellies
  A giant frog skeleton (D:6)
  Ijyb (D:3)
  3 iguanas
  9 worker ants
  13 orc priests
  14 orc wizards
  A killer bee zombie (D:11)
  2 sheep (D:13)
  A worker ant zombie (D:8)
  9 gnolls
  A river rat (Lair:1)
  14 adders
  2 shadow imps
  An ooze (D:6)
  3 adder zombies
  3 worms (D:3)
  7 giant geckos
  64 orcs
  4 ball pythons
  16 bats
  3 bat skeletons (D:7)
  2 bat zombies (D:7)
  5 giant cockroaches
  20 goblins
  21 hobgoblins
  8 jackals
  3 quokkas
  6 giant newts
  34 kobolds
  A quokka skeleton (D:6)
  A quokka zombie (D:5)
  16 rats
  8 fungi (D:9)
  A plant (D:9)
485 creatures vanquished.

Vanquished Creatures (others)
  A centaur (D:5)
  3 plants (D:5)
4 creatures vanquished.

Grand Total: 489 creatures vanquished

Notes
Turn   | Place    | Note
--------------------------------------------------------------
     0 | D:1      | Chiseanne the Demonspawn Wanderer began the quest for the Orb.
     0 | D:1      | Chiseanne set off with: a +2 dagger, a potion of haste, a +0 mace, the Collected Works on Cloudy Arcane Weapons, a +0 robe, a bread ration
     0 | D:1      | Reached XP level 1. HP: 18/18 MP: 1/1
     1 | D:1      | Identified the Collected Works on Cloudy Arcane Weapons
   447 | D:1      | Learned a level 1 spell: Shock
   467 | D:1      | Gained mutation: You are slightly more attuned to the shadows. [demonic ancestry]
   467 | D:1      | Reached XP level 2. HP: 18/24 MP: 0/2
   639 | D:1      | Reached skill level 1 in Dodging
   677 | D:1      | Reached skill level 1 in Spellcasting
  1031 | D:1      | Gained mutation: You have sharp toenails. [demonic ancestry]
  1031 | D:1      | Reached XP level 3. HP: 15/29 MP: 4/4
  2033 | D:2      | Found a snail-covered altar of Cheibriados.
  2061 | D:2      | Gained mutation: You regenerate a little health from kills. [demonic ancestry]
  2061 | D:2      | Reached XP level 4. HP: 8/35 MP: 1/7
  2241 | D:2      | Noticed Sigmund
  2539 | D:3      | Noticed Ijyb
  2560 | D:3      | Killed Ijyb
  2734 | D:3      | Reached XP level 5. HP: 41/41 MP: 8/8
  4051 | D:3      | Noticed an ogre
  4055 | D:3      | Killed an ogre
  4055 | D:3      | Gained mutation: You are partially covered in rough black scales (AC +4, Dex -1). [demonic ancestry]
  4055 | D:3      | Reached XP level 6. HP: 46/48 MP: 6/10
  5211 | D:4      | Reached skill level 4 in Fighting
  5389 | D:4      | Reached XP level 7. HP: 47/54 MP: 12/12
  6118 | D:5      | Entered Level 5 of the Dungeon
  6359 | D:5      | Reached skill level 5 in Fighting
  6473 | D:5      | Reached skill level 1 in Short Blades
  6476 | D:5      | Reached XP level 8. HP: 62/62 MP: 13/13
  6696 | D:5      | Found Niesihy's Assorted Antiques.
  6711 | D:5      | Found a burning altar of Makhleb.
  6711 | D:5      | Found a shimmering altar of Xom.
  6913 | D:5      | Found a glowing golden altar of the Shining One.
  6914 | D:5      | Found a radiant altar of Vehumet.
  7226 | D:6      | Found Ufuyfur's Gadget Shop.
  7336 | D:6      | Reached skill level 6 in Fighting
  7340 | D:6      | Reached skill level 5 in Armour
  7379 | D:6      | Found Riapnean's Magic Scroll Shop.
  7398 | D:6      | Reached skill level 1 in Bows
  7445 | D:6      | Reached skill level 5 in Stealth
  7458 | D:6      | Noticed Grinder
  7480 | D:6      | Killed Grinder
  7567 | D:6      | Found Udilev's Antique Armour Shop.
  7723 | D:6      | Gained mutation: You are mostly covered in rough black scales (AC +7, Dex -2). [demonic ancestry]
  7723 | D:6      | Reached XP level 9. HP: 71/71 MP: 14/14
  7827 | D:6      | Found Ylagasu's Antique Armour Shoppe.
  7972 | D:6      | Found a sacrificial altar of Ru.
  8090 | D:7      | Found a staircase to the Ecumenical Temple.
  8132 | D:7      | Noticed Prince Ribbit
  8145 | D:7      | Killed Prince Ribbit
  8166 | D:7      | Reached skill level 7 in Fighting
  8602 | D:7      | Found an ancient bone altar of Kikubaaqudgha.
  8679 | Temple   | Entered the Ecumenical Temple
  8749 | Temple   | Became a worshipper of Gozag Ym Sagoz the Greedy
  8822 | D:5      | Bought an encrusted diamond ring for 145 gold pieces
  8881 | D:6      | Bought a scroll of identify for 22 gold pieces
  8928 | D:8      | Noticed Psyche
  9076 | D:8      | Killed Psyche
  9578 | D:8      | Reached skill level 8 in Fighting
  9840 | D:8      | Gained mutation: You have razor-sharp toenails. [demonic ancestry]
  9840 | D:8      | Reached XP level 10. HP: 80/80 MP: 15/15
 10064 | D:9      | Noticed Gastronok
 10111 | D:9      | Noticed Erica
 10116 | D:9      | Noticed Verem's ghost (experienced DESu)
 10171 | D:9      | Noticed Grum
 10188 | D:9      | Killed Grum
 10331 | D:5      | Bought a scroll labeled ETAESY AHUSHREC for 29 gold pieces
 10331 | D:5      | Bought a scroll labeled XETHEKHEPNE for 29 gold pieces
 10536 | D:6      | Bought a scroll of teleportation for 33 gold pieces
 10536 | D:6      | Bought a scroll of enchant armour for 82 gold pieces
 10536 | D:6      | Bought a scroll of enchant weapon for 82 gold pieces
 10536 | D:6      | Bought a scroll of magic mapping for 38 gold pieces
 10536 | D:6      | Bought a scroll of identify for 22 gold pieces
 10684 | D:9      | Killed Gastronok
 10684 | D:9      | Reached skill level 9 in Fighting
 10684 | D:9      | Reached skill level 5 in Short Blades
 10957 | D:9      | Found a staircase to the Lair.
 11030 | D:9      | Found a roughly hewn altar of Beogh.
 11377 | D:9      | Killed Erica
 11377 | D:9      | Reached XP level 11. HP: 71/89 MP: 16/16
 11723 | D:9      | Killed Verem's ghost
 11845 | Lair:1   | Entered Level 1 of the Lair of Beasts
 12673 | D:5      | Bought a potion of haste for 290 gold pieces
 12724 | D:6      | Bought a scroll of identify for 22 gold pieces
 12793 | D:10     | Entered Level 10 of the Dungeon
 12851 | D:10     | Found a portal to a secret trove of treasure.
 12893 | D:10     | Noticed a hill giant
 12924 | D:10     | Killed a hill giant
 12924 | D:10     | Reached skill level 10 in Fighting
 13077 | D:10     | Noticed a hill giant
 13088 | D:10     | Killed a hill giant
 13139 | D:10     | Noticed a hill giant
 13153 | D:10     | Killed a hill giant
 13419 | D:10     | Noticed Maud
 13442 | D:10     | Killed Maud
 14150 | D:11     | Reached skill level 1 in Shields
 14375 | D:11     | Noticed a hill giant
 14385 | D:11     | Killed a hill giant
 14897 | D:11     | Noticed 2tc's ghost (powerful HOFi)
 14908 | D:11     | Killed 2tc's ghost
 14908 | D:11     | Reached skill level 11 in Fighting
 14908 | D:11     | Reached skill level 10 in Armour
 14908 | D:11     | Reached XP level 12. HP: 98/100 MP: 17/17
 15021 | D:12     | Found a staircase to the Orcish Mines.
 15124 | D:11     | Killed an unseen horror
 15290 | D:6      | Bought a scroll of acquirement for 572 gold pieces
 15290 | D:6      | Bought a scroll of recharging for 104 gold pieces
 15301 | D:6      | Bought a scroll of remove curse for 33 gold pieces
 15679 | D:12     | Reached skill level 5 in Shields
 15714 | D:12     | Got a spiked ring mail
 15855 | D:12     | Identified the +5 ring mail "Tiblesm" {rPois rF+} (You found it on level 12 of the Dungeon)
 15914 | D:12     | Gained mutation: You can spit weak poison. [potion of beneficial mutation]
 17616 | D:13     | Found a gate to the Vaults.
 17616 | D:13     | Noticed a vault guard
 17616 | D:13     | Noticed a vault guard
 17616 | D:13     | Noticed a vault guard
 17616 | D:13     | Noticed a vault guard
 17616 | D:13     | Noticed a vault guard
 17617 | D:13     | Noticed a vault guard
 17617 | D:13     | Noticed a vault guard
 17617 | D:13     | Noticed a vault guard
 17629 | D:13     | Killed a vault guard
 17641 | D:13     | Killed a vault guard
 17648 | D:13     | Killed a vault guard
 17655 | D:13     | Killed a vault guard
 17655 | D:13     | Reached skill level 12 in Fighting
 17663 | D:13     | Killed a vault guard
 17663 | D:13     | Reached XP level 13. HP: 47/108 MP: 18/18
 17670 | D:13     | Killed a vault guard
 17685 | D:13     | Killed a vault guard
 17697 | D:13     | Killed a vault guard
 17708 | D:13     | Got a polished spear
 17785 | D:13     | Identified the +3 spear of Sish {speed, rPois MP-9 Int+3} (You took it off an orc on level 13 of the Dungeon)
 17903 | D:13     | Noticed a centaur warrior
 17904 | D:13     | Killed a centaur warrior
 18636 | D:6      | Bought a scroll of acquirement for 572 gold pieces
 18636 | D:6      | Bought a scroll of recharging for 104 gold pieces
 18638 | D:6      | Got a faintly glowing chain mail
 18652 | D:6      | Identified the +4 chain mail "Hir Ogyeru" {rN+ Regen+ Dex-2 SInv} (You acquired it on level 6 of the Dungeon)
 19277 | D:14     | Noticed Frances
 19297 | D:14     | Killed from afar by Frances

Vault maps used:
D:1:      shiori_shiawase
D:2:      cheibriados_altar_wand_db, first_bread, uniq_sigmund
D:3:      uniq_iyjb
D:5:      kennysheep_kobold_camp, grunt_temple_overflow_champion_of_chaos,
          nicolae_overflow_hidden_temple, serial_shops, shop
D:6:      nicolae_ru_the_path_less_chosen, serial_shops,
          nicolae_shop_behind_doors,
          nicolae_shop_temple_entry_statues_fountains, shop,
          nicolae_shop_waterfront, uniq_grinder
D:7:      nicolae_whirlpool, kennysheep_vampire_church, temple_statues,
          uniq_prince_ribbit1
D:8:      uniq_psyche
D:9:      dpeg_oklobed_lair, david_defended_altar_orc, uniq_grum, uniq_erica,
          uniq_gastronok
D:10:     enter_trove_3, uniq_maud
D:12:     orc_0_dummy
D:13:     erik_vaults_2, grunt_livestock
D:14:     roderic_serpentine_path, uniq_frances
Temple:   water_room_temple_b_12
Lair:1:   wad_woods_tower, grunt_forest_stairs_basic, serial_bayou_shore_b,
          uniq_nergalle

Action                   |  1- 3 |  4- 6 |  7- 9 | 10-12 | 13-15 || total
-------------------------+-------+-------+-------+-------+-------++-------
Melee: Dagger            |   149 |   243 |    57 |       |       ||   449
       Rapier            |       |       |   465 |   974 |   236 ||  1675
       Unarmed           |       |       |    16 |       |       ||    16
 Fire: Shortbow          |       |       |    67 |    26 |       ||    93
       Blowgun           |       |       |     2 |    36 |     3 ||    41
Throw: Tomahawk          |       |     3 |     8 |       |       ||    11
       Throwing net      |       |       |       |       |     2 ||     2
 Cast: Shock             |    15 |    52 |       |       |       ||    67
Invok: Potion Petition   |       |       |       |       |     1 ||     1
Evoke: Wand              |       |     6 |    17 |     3 |     1 ||    27
  Use: Scroll            |     5 |    11 |     7 |    17 |     2 ||    42
       Potion            |     1 |       |     3 |    11 |     1 ||    16
 Stab: Sleeping          |     4 |    10 |       |    12 |     3 ||    29
       Distracted        |     1 |       |       |     6 |     2 ||     9
       Invisible         |       |       |     2 |       |       ||     2
       Held in net/web   |       |       |       |       |     1 ||     1
  Eat: Chunk             |     4 |    12 |    11 |       |       ||    27
       Fruit             |       |       |     6 |       |     1 ||     7
       Beef jerky        |       |       |     1 |     3 |       ||     4
       Royal jelly       |       |       |     1 |     1 |       ||     2
       Bread ration      |       |       |       |     4 |     1 ||     5
       Pizza             |       |       |       |       |     1 ||     1
